MWL (24 & UNDER)
LEE'S SUMMIT TIGERS @ ERIE JAXX
04/30/2028
 
TOP OF THE 1ST
Lee's Summit Tigers batting - Pitching for Erie Jaxx : LHP Jason Dean
Pitching: LHP Jason Dean
Batting: RHB Jesús Ramos 0-0: SINGLE (Groundball, 56D)
Batting: RHB Steve Johnson 0-0: Ball
1-0: SINGLE (Groundball, 6D)
Jesús Ramos to second
Batting: RHB Ricardo Velásquez 0-0: Ball
1-0: Grounds into double play, 4-6-3 (Groundball, 4)
Jesús Ramos to third
Batting: LHB Milo Powers 0-0: Ball
1-0: Foul Ball, location: 2F
1-1: Called Strike
1-2: Foul Ball, location: 2F
1-2: Ball
2-2: Strikes out looking
Top of the 1st over - 0 run(s), 2 hit(s), 0 error(s), 1 left on base; Lee's Summit 0 - Erie 0
BOTTOM OF THE 1ST
Erie Jaxx batting - Pitching for Lee's Summit Tigers : RHP Tony Cruz
Pitching: RHP Tony Cruz
Batting: RHB William Wilson 0-0: Ball
1-0: Foul Ball, location: 2F
1-1: Swinging Strike
1-2: Strikes out looking
Batting: RHB Alfredo Ramírez 0-0: Swinging Strike
0-1: Fly out, F5 (Popup, 5D)
Batting: RHB Ed Keesee 0-0: Ball
1-0: Ball
2-0: Called Strike
2-1: Ball
3-1: Foul Ball, location: 2F
3-2: SINGLE (Groundball, 15S) (infield hit)
Batting: SHB Michael Field 0-0: Ball
1-0: Foul Ball, location: 2F
1-1: Ball
2-1: Ball
3-1: Fly out, F9 (Line Drive, 9)
Bottom of the 1st over - 0 run(s), 1 hit(s), 0 error(s), 1 left on base; Lee's Summit 0 - Erie 0
TOP OF THE 2ND
Lee's Summit Tigers batting - Pitching for Erie Jaxx : LHP Jason Dean
Batting: LHB Glenn Williamson 0-0: Ball
1-0: Ball
2-0: Called Strike
2-1: Reached via error on a dropped throw, E1
Batting: RHB Stan Taylor 0-0: Ball
1-0: Called Strike
1-1: Foul Ball, location: 2F
1-2: Ball
2-2: Strikes out swinging
Batting: LHB Al Miller 0-0: Ball
1-0: Ball
Wild Pitch!
Glenn Williamson to second
2-0: Ball
3-0: Base on Balls
Batting: LHB Dudley Cooper 0-0: Grounds into double play, 4-6-3 (Groundball, 34)
Top of the 2nd over - 0 run(s), 0 hit(s), 1 error(s), 1 left on base; Lee's Summit 0 - Erie 0
BOTTOM OF THE 2ND
Erie Jaxx batting - Pitching for Lee's Summit Tigers : RHP Tony Cruz
Batting: RHB Ángel Serrano 0-0: Called Strike
0-1: Ground out 4-3 (Groundball, 4M)
Batting: RHB Edgardo Castro 0-0: Ball
1-0: Ball
2-0: Foul Ball, location: 2F
2-1: Foul Ball, location: 2F
2-2: DOUBLE (Line Drive, 7LS)
Batting: RHB Andrés Silva 0-0: Ball
1-0: Swinging Strike
1-1: Foul Ball, location: 2F
1-2: Foul Ball, location: 2F
1-2: Strikes out swinging
Batting: RHB George Medine 0-0: Ball
1-0: Ball
2-0: Foul Ball, location: 2F
2-1: Ball
3-1: Fly out, F5 (Line Drive, 56)
Bottom of the 2nd over - 0 run(s), 1 hit(s), 0 error(s), 1 left on base; Lee's Summit 0 - Erie 0
TOP OF THE 3RD
Lee's Summit Tigers batting - Pitching for Erie Jaxx : LHP Jason Dean
Batting: LHB José Guerrero 0-0: Foul Ball, location: 2F
0-1: Foul Ball, location: 2F
0-2: Ball
1-2: Foul Ball, location: 2F
1-2: Ball
2-2: Ball
3-2: Base on Balls
Batting: RHB Jesús Ramos 0-0: Fly out, F7 (Flyball, 78M)
Batting: RHB Steve Johnson 0-0: Called Strike
José Guerrero steals 2nd base
0-1: Called Strike
0-2: DOUBLE (Line Drive, 7LD)
José Guerrero scores
Batting: RHB Ricardo Velásquez 0-0: Ground out 1-3 (Groundball, 13S)
Steve Johnson to third
Batting: LHB Milo Powers 0-0: Foul Ball, location: 2F
0-1: Ball
1-1: Ball
2-1: SINGLE (Line Drive, 4D)
Steve Johnson scores
Batting: LHB Glenn Williamson 0-0: Swinging Strike
0-1: Swinging Strike
0-2: SINGLE (Groundball, 34) (infield hit)
Milo Powers to second
Batting: RHB Stan Taylor 0-0: Called Strike
Balk!
Milo Powers to third
Glenn Williamson to second
0-1: Ball
1-1: DOUBLE (Flyball, 8RD)
Milo Powers scores
Glenn Williamson scores
Batting: LHB Al Miller 0-0: Called Strike
0-1: Called Strike
0-2: Foul Ball, location: 2F
0-2: Strikes out swinging
Top of the 3rd over - 4 run(s), 4 hit(s), 0 error(s), 1 left on base; Lee's Summit 4 - Erie 0
BOTTOM OF THE 3RD
Erie Jaxx batting - Pitching for Lee's Summit Tigers : RHP Tony Cruz
Batting: LHB Bill Handy 0-0: SINGLE (Flyball, 8RS)
Batting: RHB William Wilson 0-0: Called Strike
0-1: Fly out, F9 (Flyball, 9)
Batting: RHB Alfredo Ramírez 0-0: DOUBLE (Groundball, 3L)
Bill Handy to third
Runner from 3rd tries for Home, SAFE, no throw
Batting: RHB Ed Keesee 0-0: Ball
Alfredo Ramírez is caught stealing 3rd base
1-0: Fly out, F8 (Flyball, 78M)
Bottom of the 3rd over - 1 run(s), 2 hit(s), 0 error(s), 0 left on base; Lee's Summit 4 - Erie 1
TOP OF THE 4TH
Lee's Summit Tigers batting - Pitching for Erie Jaxx : LHP Jason Dean
Batting: LHB Dudley Cooper 0-0: Ball
1-0: DOUBLE (Flyball, 9LM) - OUT at third base trying to stretch hit.
Batting: LHB José Guerrero 0-0: Ball
1-0: Ball
2-0: Called Strike
2-1: Called Strike
2-2: Foul Ball, location: 2F
2-2: Foul Ball, location: 2F
2-2: Foul Ball, location: 2F
2-2: Foul Ball, location: 2F
2-2: Strikes out swinging
Batting: RHB Jesús Ramos 0-0: Swinging Strike
0-1: Ball
1-1: Foul Ball, location: 2F
1-2: Strikes out swinging
Top of the 4th over - 0 run(s), 1 hit(s), 0 error(s), 0 left on base; Lee's Summit 4 - Erie 1
BOTTOM OF THE 4TH
Erie Jaxx batting - Pitching for Lee's Summit Tigers : RHP Tony Cruz
Batting: SHB Michael Field 0-0: Ball
1-0: Swinging Strike
1-1: Fly out, F8 (Flyball, 8RM)
Batting: RHB Ángel Serrano 0-0: Called Strike
0-1: Foul Ball, location: 2F
0-2: Ground out 5-3 (Groundball, 5S)
Batting: RHB Edgardo Castro 0-0: Fly out, F7 (Line Drive, 7)
Bottom of the 4th over - 0 run(s), 0 hit(s), 0 error(s), 0 left on base; Lee's Summit 4 - Erie 1
TOP OF THE 5TH
Lee's Summit Tigers batting - Pitching for Erie Jaxx : LHP Jason Dean
Batting: RHB Steve Johnson 0-0: Called Strike
0-1: Foul Ball, location: 2F
0-2: Strikes out swinging
Batting: RHB Ricardo Velásquez 0-0: Ground out 6-3 (Groundball, 56D)
Batting: LHB Milo Powers 0-0: Ball
1-0: Foul Ball, location: 2F
1-1: Ball
2-1: SINGLE (Groundball, 13S) (infield hit)
Batting: LHB Glenn Williamson 0-0: Ball
1-0: DOUBLE (Groundball, 3L)
Milo Powers to third
Batting: RHB Stan Taylor 0-0: Called Strike
0-1: Foul Ball, location: 2F
0-2: Ball
Wild Pitch!
Milo Powers scores
Glenn Williamson to third
1-2: Ball
2-2: Foul Ball, location: 2F
2-2: Ball
3-2: Ground out 6-3 (Groundball, 6S)
Top of the 5th over - 1 run(s), 2 hit(s), 0 error(s), 1 left on base; Lee's Summit 5 - Erie 1
BOTTOM OF THE 5TH
Erie Jaxx batting - Pitching for Lee's Summit Tigers : RHP Tony Cruz
Batting: RHB Andrés Silva 0-0: Ball
1-0: Ball
2-0: Fly out, F6 (Popup, 6M)
Batting: RHB George Medine 0-0: Called Strike
0-1: Foul Ball, location: 2F
0-2: Fly out, F9 (Flyball, 9LS)
Batting: LHB Bill Handy 0-0: Ball
1-0: Swinging Strike
1-1: Foul Ball, location: 2F
1-2: Ball
2-2: Foul Ball, location: 2F
2-2: Foul Ball, location: 2F
2-2: Strikes out swinging
Bottom of the 5th over - 0 run(s), 0 hit(s), 0 error(s), 0 left on base; Lee's Summit 5 - Erie 1
TOP OF THE 6TH
Lee's Summit Tigers batting - Pitching for Erie Jaxx : LHP Jason Dean
Pitching: RHP Bill Dundon
Batting: LHB Al Miller 0-0: Called Strike
0-1: Foul Ball, location: 2F
0-2: Foul Ball, location: 2F
0-2: Ball
1-2: Foul Ball, location: 2F
1-2: Ball
2-2: Foul Ball, location: 2F
2-2: Ball
3-2: Foul Ball, location: 2F
3-2: Foul Ball, location: 2F
3-2: Foul Ball, location: 2F
3-2: Foul Ball, location: 2F
3-2: Base on Balls
Batting: LHB Dudley Cooper 0-0: Ball
1-0: Called Strike
1-1: Foul Ball, location: 2F
1-2: Ball
2-2: Fly out, F7 (Flyball, 7)
Batting: LHB José Guerrero 0-0: Ball
1-0: Swinging Strike
1-1: Ball
2-1: Fielders Choice at 2nd, 5-4 (Groundball, 56)
Batting: RHB Jesús Ramos 0-0: Called Strike
0-1: Called Strike
0-2: Ball
1-2: Ball
José Guerrero steals 2nd base
2-2: Ball
3-2: SINGLE (Groundball, 6MD)
José Guerrero to third
José Guerrero scores
Batting: RHB Steve Johnson 0-0: Ground out 3-1 (Groundball, 34S)
Top of the 6th over - 1 run(s), 1 hit(s), 0 error(s), 1 left on base; Lee's Summit 6 - Erie 1
BOTTOM OF THE 6TH
Erie Jaxx batting - Pitching for Lee's Summit Tigers : RHP Tony Cruz
Batting: RHB William Wilson 0-0: Ball
1-0: Foul Ball, location: 2F
1-1: SINGLE (Flyball, 4MD)
Batting: RHB Alfredo Ramírez 0-0: Ball
1-0: Fly out, F8 (Flyball, 8RM)
Batting: RHB Ed Keesee 0-0: Called Strike
0-1: Ball
1-1: Ball
2-1: Fly out, F8 (Line Drive, 89M)
Pitching: RHP Héctor Bernard
Batting: SHB Michael Field 0-0: Ball
1-0: Foul Ball, location: 2F
1-1: Ball
2-1: Ball
3-1: Ground out 1-3 (Groundball, 13)
Bottom of the 6th over - 0 run(s), 1 hit(s), 0 error(s), 1 left on base; Lee's Summit 6 - Erie 1
TOP OF THE 7TH
Lee's Summit Tigers batting - Pitching for Erie Jaxx : RHP Bill Dundon
Batting: RHB Ricardo Velásquez 0-0: Ball
1-0: Ball
2-0: Foul Ball, location: 2F
2-1: Foul Ball, location: 2F
2-2: Ball
3-2: SINGLE (Groundball, 56D)
Batting: LHB Milo Powers 0-0: Ball
1-0: Ball
2-0: Ball
3-0: Base on Balls
Ricardo Velásquez to second
Batting: LHB Glenn Williamson 0-0: Ball
1-0: Called Strike
1-1: Ball
2-1: Called Strike
2-2: Foul Ball, location: 2F
2-2: Ball
3-2: Foul Ball, location: 2F
3-2: Foul Ball, location: 2F
3-2: SINGLE (Flyball, 78S)
Ricardo Velásquez to third
Milo Powers to second
Batting: RHB Stan Taylor 0-0: Swinging Strike
0-1: Ball
1-1: Fly out, F8 (Line Drive, 8RM)
Runner from 3rd tags up, SCORES, throw made
Batting: LHB Al Miller 0-0: Called Strike
0-1: Called Strike
0-2: Ball
1-2: Ball
2-2: Ball
3-2: Base on Balls
Milo Powers to third
Glenn Williamson to second
Batting: LHB Dudley Cooper 0-0: Called Strike
0-1: Ball
1-1: Grounds into fielders choice 1-2 (Groundball, P)
Glenn Williamson to third
Al Miller to second
Batting: LHB José Guerrero 0-0: Foul Ball, location: 2F
0-1: Fielders Choice at 2nd, 6-4 (Groundball, 6)
Top of the 7th over - 1 run(s), 2 hit(s), 0 error(s), 2 left on base; Lee's Summit 7 - Erie 1
BOTTOM OF THE 7TH
Erie Jaxx batting - Pitching for Lee's Summit Tigers : RHP Héctor Bernard
Batting: RHB Ángel Serrano 0-0: Called Strike
0-1: Ball
1-1: Ball
2-1: SINGLE (Line Drive, 4M)
Batting: RHB Edgardo Castro 0-0: Ball
1-0: Called Strike
1-1: Foul Ball, location: 2F
1-2: Strikes out swinging
Batting: RHB Andrés Silva 0-0: Grounds into double play, 6-4-3 (Groundball, 6)
Bottom of the 7th over - 0 run(s), 1 hit(s), 0 error(s), 0 left on base; Lee's Summit 7 - Erie 1
TOP OF THE 8TH
Lee's Summit Tigers batting - Pitching for Erie Jaxx : RHP Bill Dundon
Batting: RHB Jesús Ramos 0-0: Called Strike
0-1: Called Strike
0-2: Strikes out swinging
Batting: RHB Steve Johnson 0-0: Foul Ball, location: 2F
0-1: Swinging Strike
0-2: Ball
1-2: Ball
2-2: Strikes out looking
Batting: RHB Ricardo Velásquez 0-0: Ball
1-0: Ball
2-0: Ball
3-0: Base on Balls
Batting: LHB Milo Powers 0-0: Ball
1-0: Ball
2-0: Ball
3-0: Called Strike
3-1: Base on Balls
Ricardo Velásquez to second
Batting: LHB Glenn Williamson 0-0: Ball
1-0: Ball
2-0: Foul Ball, location: 2F
2-1: Ball
3-1: Swinging Strike
3-2: Base on Balls
Ricardo Velásquez to third
Milo Powers to second
Pitching: LHP Alfredo García
Batting: RHB Stan Taylor 0-0: Foul Ball, location: 2F
0-1: Foul Ball, location: 2F
0-2: Strikes out swinging
Top of the 8th over - 0 run(s), 0 hit(s), 0 error(s), 3 left on base; Lee's Summit 7 - Erie 1
BOTTOM OF THE 8TH
Erie Jaxx batting - Pitching for Lee's Summit Tigers : RHP Héctor Bernard
Batting: RHB George Medine 0-0: Ball
1-0: Fly out, F8 (Flyball, 8RS)
Batting: LHB Bill Handy 0-0: Called Strike
0-1: Ball
1-1: Foul Ball, location: 2F
1-2: Hit by Pitch
Batting: RHB William Wilson 0-0: SINGLE (Groundball, 15) (infield hit)
Bill Handy to second
Batting: RHB Alfredo Ramírez 0-0: Called Strike
0-1: Fly out, F9 (Line Drive, 9LM)
Batting: RHB Ed Keesee 0-0: Ball
1-0: Swinging Strike
1-1: Ball
2-1: Ball
Wild Pitch!
Bill Handy to third
William Wilson to second
3-1: Base on Balls
Batting: SHB Michael Field 0-0: Fly out, F8 (Flyball, 8RD)
Bottom of the 8th over - 0 run(s), 1 hit(s), 0 error(s), 3 left on base; Lee's Summit 7 - Erie 1
TOP OF THE 9TH
Lee's Summit Tigers batting - Pitching for Erie Jaxx : LHP Alfredo García
Batting: LHB Al Miller 0-0: Ball
1-0: Ball
2-0: Ball
3-0: Base on Balls
Batting: LHB Dudley Cooper 0-0: Foul Ball, location: 2F
0-1: Ball
1-1: Called Strike
1-2: SINGLE (Line Drive, 9LS)
Al Miller to second
Batting: LHB José Guerrero 0-0: Called Strike
0-1: Ball
1-1: Ball
2-1: Called Strike
2-2: Foul Ball, location: 2F
2-2: SINGLE (Groundball, 34D)
Al Miller to third
Dudley Cooper to second
Batting: RHB Jesús Ramos 0-0: Called Strike
0-1: Swinging Strike
0-2: Ball
1-2: Strikes out swinging
Batting: RHB Steve Johnson 0-0: Ball
1-0: DOUBLE (Flyball, 78D)
Al Miller scores
Dudley Cooper scores
José Guerrero to third
Runner from 3rd tries for Home, SAFE, no throw
Pitching: RHP Tom Newton
Batting: RHB Ricardo Velásquez 0-0: Called Strike
0-1: Swinging Strike
0-2: Ball
1-2: Ball
2-2: Ball
3-2: Base on Balls
Batting: LHB Milo Powers 0-0: Ball
1-0: Ball
2-0: Called Strike
2-1: Called Strike
2-2: SINGLE (Groundball, 6MD)
Steve Johnson to third
Ricardo Velásquez to second
Batting: LHB Glenn Williamson 0-0: Ball
1-0: Foul Ball, location: 2F
1-1: Foul Ball, location: 2F
1-2: Strikes out swinging
Batting: RHB Stan Taylor 0-0: Called Strike
0-1: Fly out, F9 (Flyball, 9LS)
Top of the 9th over - 3 run(s), 4 hit(s), 0 error(s), 3 left on base; Lee's Summit 10 - Erie 1
BOTTOM OF THE 9TH
Erie Jaxx batting - Pitching for Lee's Summit Tigers : RHP Héctor Bernard
Batting: RHB Ángel Serrano 0-0: Foul Ball, location: 2F
0-1: Foul Ball, location: 2F
0-2: Fly out, F6 (Line Drive, 6)
Batting: RHB Edgardo Castro 0-0: Called Strike
0-1: Ball
1-1: Foul Ball, location: 2F
1-2: Fly out, F8 (Flyball, 8LM)
Batting: RHB Andrés Silva 0-0: Foul Ball, location: 2F
0-1: Called Strike
0-2: Ground out 4-3 (Groundball, 4)
Bottom of the 9th over - 0 run(s), 0 hit(s), 0 error(s), 0 left on base; Lee's Summit 10 - Erie 1
Tuesday, August 8th, 2017 - OOTP Baseball 17.12 Build 75